 Dungeon Crawl Stone Soup version 0.21-a0-186-g02e8684 (webtiles) character file.

181 tehllama the Insei (level 5, -4/33 HPs)
             Began as an Octopode Transmuter on Aug 14, 2017.
             Slain by an iguana (5 damage)
             ... on level 3 of the Dungeon.
             The game lasted 00:06:17 (3528 turns).

tehllama the Insei (Octopode Transmuter)            Turns: 3528, Time: 00:06:19

Health: -4/33      AC:  8    Str: 10    XL:     5   Next: 61%
Magic:  7/8        EV: 13    Int: 18    God:
Gold:   105        SH:  0    Dex: 13    Spells: 2/8 levels left

rFire    . . .     SeeInvis .   t - +2 short sword (protect)
rCold    . . .     Gourm    .   (no shield)
rNeg     . . .     Faith    .   (helmet restricted)
rPois    .         Spirit   .   (no amulet)
rElec    .         Reflect  .   (no ring)
rCorr    .         Harm     .   q - +3 ring of intelligence
MR       .....                  (no ring)
Stlth    +++.......             (no ring)
HPRegen  0.11/turn              (no ring)
MPRegen  0.11/turn              (no ring)
                                (no ring)
                                (no ring)

@: appendage, protection aura
A: almost no armour, stealthy swim, amphibious, 8 rings, constrict 8, tentacle
spike 3, camouflage 1, gelatinous body 1
a: End Transformation


You were on level 3 of the Dungeon.
You were not hungry.
One of your tentacles had a temporary spike.
You visited 1 branch of the dungeon, and saw 3 of its levels.

You collected 105 gold pieces.

Inventory:

Hand Weapons
 t - a +2 short sword of protection (weapon)
 w - a +0 club
Missiles
 a - 36 arrows
 e - 39 poisoned needles
 o - a throwing net (quivered)
 x - 12 stones
Jewellery
 h - an uncursed ring of ice
 q - a +3 ring of intelligence (right tentacle)
Wands
 s - a wand of flame (35/48)
 y - a wand of flame (18/48)
Scrolls
 j - 3 scrolls of remove curse
 l - a scroll of enchant weapon {unknown}
 m - a scroll of fog {unknown}
 r - 2 scrolls of teleportation {unknown}
 u - a scroll of recharging {unknown}
Potions
 d - a potion of magic
 f - a potion of heal wounds
 g - 2 potions of lignification
 k - 4 potions of curing
 n - a potion of might {unknown}
 p - a potion of brilliance {unknown}
Books
 b - a book of Changes

   Spells                             Type                      Level
   a - Beastly Appendage              Transmutation                1
   b - Sticks to Snakes               Transmutation                2
   c - Spider Form                    Transmutation/Poison         3
   d - Ice Form                       Ice/Transmutation            4
   e - Blade Hands                    Transmutation                5
Comestibles
 c - a bread ration
 i - a chunk of flesh
 v - a royal jelly


   Skills:
 - Level 1.0 Fighting
 + Level 0.0 Throwing
 + Level 2.0 Dodging
 + Level 4.0 Stealth
 * Level 5.1 Unarmed Combat
 + Level 2.1 Spellcasting
 + Level 2.0 Transmutations
 + Level 0.0 Poison Magic
 + Level 0.4 Evocations


You had 2 spell levels left.
You knew the following spells:

 Your Spells              Type           Power        Failure   Level  Hunger
a - Beastly Appendage     Tmut           #.....       8%          1    #......
b - Sticks to Snakes      Tmut           #.......     12%         2    ###....
c - Spider Form           Tmut/Pois      #.........   34%         3    ###....


Dungeon Overview and Level Annotations

Branches:
Dungeon (3/15)

Altars:
Uskayaw


Innate Abilities, Weirdness & Mutations

You cannot wear most types of armour.
You are very stealthy in the water. (Stealth+)
You are amphibious.
You can wear up to eight rings at the same time.
You can use your tentacles to constrict eight enemies at once.
Your skin changes colour to match your surroundings (Stealth+).
Your rubbery body absorbs attacks. (AC +1, EV +1)
One of your tentacles bears a large vicious spike.


Message History

You are too injured to fight recklessly!
You are too injured to fight recklessly!
You are too injured to fight recklessly!
You are too injured to fight recklessly!
You are too injured to fight recklessly!
You are too injured to fight recklessly!
You are too injured to fight recklessly!
You are too injured to fight recklessly!
You hit the iguana.
Your weapon exudes an aura of protection.
The iguana is moderately wounded.
You constrict the iguana. The iguana bites you!
* * * LOW HITPOINT WARNING * * *
You hit the iguana.
You pierce the iguana.
The iguana is severely wounded.
You constrict the iguana, but do no damage.
The iguana bites you.
* * * LOW HITPOINT WARNING * * *
The iguana bites you.
You die...

############.####........########
#..###........# # #....#[.......#
###### #....#........# #.....
#....#..[.....# #.####
###..#........# #.#
############.#........# #.####
#.............l.......# #.##..
#............@........# #.##..
#.....................###.##..
#.............#........##.##..
#......................##.##..
#######....(...........##.####
#...# #................##.# #...#
#................##.#### #...#
#########........##.....
###..)###########..............#


You could see an iguana.

Vanquished Creatures
  An orc wizard (D:3)
  5 adders
  6 oozes
  A worm (D:2)
  3 dart slugs
  4 leopard geckos
  5 orcs (D:3)
  3 giant cockroaches
  7 goblins
  3 hobgoblins
  A quokka (D:3)
  A ball python (D:3)
  10 bats
  3 frilled lizards
  13 kobolds
  6 rats
72 creatures vanquished.

Vanquished Creatures (others)
  2 fungi (D:2)
  10 toadstools (D:2)
12 creatures vanquished.

Grand Total: 84 creatures vanquished

Notes
Turn   | Place    | Note
-------+----------+-------------------------------------------
     0 | D:1      | tehllama the Octopode Transmuter began the quest for the Orb.
     0 | D:1      | Reached XP level 1. HP: 13/13 MP: 3/3
     0 | D:1      | Noticed a human
     7 | D:1      | Noticed a draconian
    12 | D:1      | Noticed a minotaur skeleton
    14 | D:1      | Noticed a dwarf
   116 | D:1      | Reached XP level 2. HP: 17/18 MP: 3/5
   375 | D:1      | Reached skill level 4 in Unarmed Combat
   444 | D:1      | Reached XP level 3. HP: 23/23 MP: 4/6
   857 | D:2      | Reached skill level 1 in Stealth
  1209 | D:2      | Reached XP level 4. HP: 21/28 MP: 5/7
  2092 | D:2      | Learned a level 2 spell: Sticks to Snakes
  2096 | D:2      | Learned a level 3 spell: Spider Form
  2497 | D:3      | Reached XP level 5. HP: 28/33 MP: 8/8
  2520 | D:3      | Reached skill level 5 in Unarmed Combat
  2882 | D:3      | Found a hide-covered altar of Uskayaw.
  3528 | D:3      | HP: 1/33 [iguana (4)]
  3528 | D:3      | Slain by an iguana

Vault maps used:
D:1:      shiori_arrival_whats_in_store_for_you, nrook_uturn,
          minmay_misc_feat_chi, hangedman_decor_riveting,
          minmay_misc_feat_hallway, minmay_tetromino_s4
D:2:      cheibrodos_fertilizer
D:3:      lemuel_doored_altar, amethyst_killhole

Skill      XL: |  1  2  3  4  5 |
---------------+----------------+-----
Unarmed Combat | 4 5 |  5.1
Stealth        | 2 3 4 |  4.0
Fighting       | |  1.0
Dodging        | |  2.0
Spellcasting   | |  2.1
Transmutations | |  2.0
Evocations     | |  0.4

Action                   |  1- 3 |  4- 6 || total
-------------------------+-------+-------++-------
Melee: Unarmed           |    62 |    26 ||    88
       Constrict         |    13 |    17 ||    30
       Tentacles         |     6 |    18 ||    24
       Kick              |     6 |    18 ||    24
       Short sword       |       |    81 ||    81
       Punch             |       |     3 ||     3
 Cast: Beastly Appendage |    19 |    24 ||    43
  Use: Scroll            |       |     3 ||     3
       Potion            |       |     2 ||     2
 Stab: Sleeping          |     2 |     7 ||     9
  Eat: Chunk             |     1 |     3 ||     4
       Meat ration       |       |     1 ||     1
Armor: Skin              |     7 |    27 ||    34
Dodge: Dodged            |    42 |    57 ||    99
